 Dungeon Crawl Stone Soup version 0.21.0-3-g78d12a8 (webtiles) character file.

215 TheDeThijs the Chopper (level 5, -14/47 HPs)
             Began as a Hill Orc Fighter on Jan 8, 2018.
             Was an Initiate of Beogh.
             Demolished by an orc warrior
             ... wielding a +0 mace
              (18 damage)
             ... on level 3 of the Dungeon.
             The game lasted 00:09:08 (2762 turns).

TheDeThijs the Chopper (Hill Orc Fighter)           Turns: 2762, Time: 00:09:09

Health: -14/47     AC:  6    Str: 20      XL:     5   Next: 92%
Magic:  4/4        EV:  7    Int:  7 (8)  God:    Beogh [......]
Gold:   238        SH:  9    Dex: 10      Spells: 4/4 levels left

rFire    . . .     SeeInvis .   a - +0 war axe
rCold    . . .     Gourm    .   c - +0 shield
rNeg     . . .     Faith    .   b - +0 scale mail
rPois    .         Spirit   .   (no helmet)
rElec    .         Reflect  .   (no cloak)
rCorr    .         Harm     .   (no gloves)
MR       .....                  (no boots)
Stlth    ..........             (no amulet)
HPRegen  0.15/turn              (no ring)
MPRegen  0.09/turn              (no ring)

@: hasted, very quick
A: claws 1, low mp 1, mutation resistance 1
a: Renounce Religion


You were on level 3 of the Dungeon.
You worshipped Beogh.
Beogh was noncommittal.
You were very hungry.

You visited 1 branch of the dungeon, and saw 4 of its levels.

You collected 238 gold pieces.

Inventory:

Hand Weapons
 a - a +0 war axe (weapon)
Armour
 b - a +0 scale mail (worn)
 c - a +0 shield (worn)
 d - a +0 helmet
 m - a cursed -1 pair of gloves
Scrolls
 e - a scroll of teleportation {unknown}
 g - 3 scrolls of identify {unknown}
 j - a scroll of random uselessness {unknown}
 k - a scroll of amnesia {unknown}
 l - a scroll of enchant armour {unknown}
Potions
 h - 3 potions of haste
 i - a potion of curing {unknown}
Comestibles
 f - 4 rations


   Skills:
 + Level 4.8 Fighting
 * Level 6.9 Axes
 - Level 3.3 Armour
 - Level 3.3 Shields


You had 4 spell levels left.
You didn't know any spells.

Dungeon Overview and Level Annotations

Branches:
Dungeon (4/15)
 Temple: D:4-7

Altars:
Uskayaw


Innate Abilities, Weirdness & Mutations

You have sharp fingernails.
Your magical capacity is low. (-10% MP)
You are somewhat resistant to further mutation.


Message History

You see here a stone.
The orc warrior throws a stone.
You block the stone.
You see here a stone.
The orc warrior throws a stone.
The stone hits you!
Things that are here:
a stone; a club; a leather armour The orc warrior throws a stone.
The stone hits you but does no damage.
You see here a stone.
The orc priest calls down the wrath of Beogh upon you.
Beogh smites you! The orc warrior hits you with a mace!
There is a stone staircase leading up here.
The orc warrior hits you with a mace!
* * * LOW HITPOINT WARNING * * *
You climb upwards.
There is a stone staircase leading down here.
You feel yourself speed up. The orc warrior barely misses you.
The orc warrior hits you with a mace!!
You die...
Beogh appreciates the orc warrior's killing of a heretic priest.

..............##.........#.......
....................####..(......
....o........>......#####..(###..
..o.o.o..............##......#..#
.................................
.............######.............#
............## ##............(...
.....#.....## ##..#.............#
#######.#######o@.......<.......#
#.##........).............#
###.#..###...####..........##
#............# #....########
#.........o.#####............
#....................########
#..........#...........######
####.........####....#.......
#........## ############.


You could see an orc warrior and a neutral orc (wandering).

Vanquished Creatures
  An orc wizard (D:3)
  4 gnolls (D:2)
  8 adders
  An ooze (D:3)
  3 worms
  A dart slug (D:2)
  2 orcs
  6 bats
  3 giant cockroaches
  4 goblins
  7 hobgoblins
  2 jackals (D:1)
  2 quokkas (D:3)
  3 ball pythons
  5 frilled lizards
  9 kobolds
  9 rats
70 creatures vanquished.

Vanquished Creatures (others)
  2 orcs (D:3)
  A frilled lizard (D:3)
3 creatures vanquished.

Grand Total: 73 creatures vanquished

Notes
Turn   | Place    | Note
-------+----------+-------------------------------------------
     0 | D:1      | TheDeThijs the Hill Orc Fighter began the quest for the Orb.
     0 | D:1      | Reached XP level 1. HP: 19/19 MP: 1/1
   389 | D:1      | Reached skill level 3 in Axes
   389 | D:1      | Reached XP level 2. HP: 27/27 MP: 2/2
   774 | D:1      | Reached XP level 3. HP: 25/33 MP: 3/3
  1097 | D:2      | Reached skill level 4 in Axes
  1100 | D:2      | Gained mutation: You have sharp fingernails. [potion of mutation]
  1100 | D:2      | Gained mutation: Your magical capacity is low. (-10% MP) [potion of mutation]
  1100 | D:2      | Gained mutation: You are somewhat resistant to further mutation. [potion of mutation]
  1406 | D:2      | Reached XP level 4. HP: 41/41 MP: 3/3
  1775 | D:2      | Reached skill level 5 in Axes
  2046 | D:2      | Reached XP level 5. HP: 25/47 MP: 4/4
  2193 | D:2      | Reached skill level 6 in Axes
  2425 | D:3      | Became a worshipper of Beogh the Brigand
  2533 | D:3      | Noticed a dagger
  2534 | D:3      | Noticed a hand axe
  2537 | D:3      | Found a hide-covered altar of Uskayaw.
  2739 | D:4      | Noticed an orc warrior
  2762 | D:3      | Demolished by an orc warrior

Skill      XL: |  1  2  3  4  5 |
---------------+----------------+-----
Axes           | 3 4 5 6 |  6.9
Fighting       | 4 |  4.8
Armour         | |  3.3
Shields        | |  3.3

Action                   |  1- 3 |  4- 6 || total
-------------------------+-------+-------++-------
Melee: War axe           |   119 |   141 ||   260
Invok: Convert to Beogh  |       |     1 ||     1
  Use: Potion            |     5 |     1 ||     6
  Eat: Chunk             |     2 |     3 ||     5
Armor: Scale mail        |    59 |    68 ||   127
Dodge: Dodged            |    41 |    48 ||    89
Block: Shield            |    63 |    64 ||   127
